 Dungeon Crawl Stone Soup version 0.30.0-5-g1a98f26d00 (webtiles) character file.

Game seed: 1658932603496536201

10391 Irreverend the Thaumaturge (level 11, -10/54 HPs)
             Began as a Deep Elf Conjurer on May 10, 2023.
             Was an Elder of Vehumet.
             Killed by an exploding fulminant prism (16 damage)
             ... on level 10 of the Dungeon.
             The game lasted 00:32:30 (12830 turns).

Irreverend the Thaumaturge (Deep Elf Conjurer)     Turns: 12830, Time: 00:32:31

Health: -10/54     AC:  4    Str:  4    XL:     11   Next: 35%
Magic:  14/30      EV: 12    Int: 28    God:    Vehumet [****..]
Gold:   678        SH:  0    Dex: 13    Spells: 17/36 levels left

rFire   . . .        (no weapon)
rCold   . . .        (no shield)
rNeg    + . .        a - +0 robe
rPois   .            (no helmet)
rElec   .            (no cloak)
rCorr   .            (no gloves)
SInv    .            m - +1 pair of boots {Stlth+}
Will    +....        y - amulet of regeneration
Stlth   +++          L - ring of positive energy
HPRegen 1.09/turn    (no ring)
MPRegen 0.22/turn

%: no passive effects
@: mighty
A: no striking features
a: Renounce Religion


You were on level 10 of the Dungeon.
You worshipped Vehumet.
Vehumet was greatly pleased with you.
You visited 2 branches of the dungeon, and saw 11 of its levels.
You also visited: Bailey.

You collected 678 gold pieces.

Inventory:

Missiles
 p - 2 throwing nets
Armour
 a - a +0 robe (worn)
 m - a +1 pair of boots of stealth (worn)
Jewellery
 b - an amulet of guardian spirit
 u - an amulet of reflection
 y - an amulet of regeneration (around neck)
 C - an amulet of the acrobat
 D - a ring of ice
 L - a ring of positive energy (left hand)
Wands
 A - a wand of mindburst (21)
 B - a wand of roots (21)
 H - a wand of polymorph (5)
Scrolls
 c - a scroll of enchant armour {unknown}
 d - 3 scrolls of immolation {unknown}
 f - 2 scrolls of magic mapping {unknown}
 g - 3 scrolls of teleportation (quivered)
 i - a scroll of amnesia {unknown}
 j - a scroll of poison {unknown}
 q - a scroll of torment {unknown}
 v - a scroll of fog {unknown}
 w - 2 scrolls of fear {unknown}
 F - 2 scrolls of vulnerability {unknown}
 G - 5 scrolls of identify
 I - a scroll of noise {unknown}
 K - a scroll of enchant weapon {unknown}
Potions
 e - 4 potions of might
 h - 3 potions of brilliance
 k - a potion of cancellation {unknown}
 n - a potion of flight {unknown}
 o - a potion of haste {unknown}
 r - 4 potions of degeneration
 s - a potion of invisibility {unknown}
 t - 3 potions of mutation {unknown}
 x - a potion of ambrosia {unknown}
 z - 2 potions of berserk rage {unknown}
 E - a potion of resistance {unknown}
 J - a potion of attraction {unknown}


   Skills:
 - Level 2.4 Dodging
 - Level 2.4 Stealth
 + Level 13.0 Spellcasting
 + Level 11.5 Conjurations
 - Level 8.2 Hexes
 * Level 10.6 Translocations


You had 17 spell levels left.
You knew the following spells:

 Your Spells              Type           Power      Damage    Failure   Level
a - Magic Dart            Conj           100%       1d8       1%          1
b - Searing Ray           Conj           100%       2d8       1%          2
c - Fulminant Prism       Conj/Hex       32%        3d15      1%          4
d - Iskenderun's Mystic   Conj/Tloc      69%        2d14      1%          4
e - Mephitic Cloud        Conj/Pois/Air  39%        N/A       1%          3
f - Iskenderun's Battles  Conj           70%        2d12      1%          5

Your spell library contained the following spells:

 Spells                   Type           Power      Damage    Failure   Level
 Shock                    Conj/Air       100%       1d9       1%          1
 Slow                     Hex            100%       N/A       1%          1
 Poisonous Vapours        Pois/Air       36%        N/A       1%          2
 Confusing Touch          Hex            59%        N/A       1%          3
 Dazzling Flash           Conj/Hex       100%       N/A       1%          3
 Call Imp                 Summ           36%        N/A       4%          2
 Freezing Cloud           Conj/Ice/Air   19%        6-21      4%          5
 Airstrike                Air            9%         2d(2-18)  8%          4
 Swiftness                Air            18%        N/A       9%          3
 Vampiric Draining        Necr           18%        2d7       9%          3


Dungeon Overview and Level Annotations

Branches:
Dungeon (10/15)            Temple (1/1) D:5            Lair (0/5) D:9
    Orc (0/2) D:10         Bailey (visited)

Altars:
Ashenzari
Cheibriados
Dithmenos
Elyvilon
Fedhas
Gozag
Hepliaklqana
Kikubaaqudgha
Makhleb
Nemelex Xobeh
Okawaru
Qazlal
Ru
Sif Muna
Trog
Uskayaw
Vehumet
Wu Jian
Xom
Yredelemnul
Zin
The Shining One
Lugonu


Message History

Your battlesphere is destroyed!
Something hits you. Something hits you but does no damage. Something hits you.
Something hits you!
* * * LOW HITPOINT WARNING * * *
Something hits you.
* * * LOW HITPOINT WARNING * * *
Casting: Searing Ray (safe; 1% risk of failure)
Confirm with . or Enter, or press ? or * to list all spells.
You can't see any susceptible monsters within range! (Use Z to cast anyway.)
Casting: Searing Ray (safe; 1% risk of failure)
Confirm with . or Enter, or press ? or * to list all spells.
Okay, then.
Casting: Searing Ray (safe; 1% risk of failure)
Confirm with . or Enter, or press ? or * to list all spells.
You erupt in a blast of force!
The mystic blast hits something!!
It was a potion of might.
You feel very mighty all of a sudden. Something hits you but does no damage.
Casting: Iskenderun's Mystic Blast (safe; 1% risk of failure)
Confirm with . or Enter, or press ? or * to list all spells.
You can't see any susceptible monsters within range! (Use Z to cast anyway.)
Casting: Iskenderun's Mystic Blast (safe; 1% risk of failure)
Confirm with . or Enter, or press ? or * to list all spells.
Aiming: Fulminant Prism (safe; 1% risk of failure)
Press: ? - help, Dir - move target You conjure a prism of explosive energy!
A fulminant prism comes into view.
Something hits you but does no damage. Something hits you!
* * * LOW HITPOINT WARNING * * *
Your fulminant prism crackles loudly.
Your fulminant prism explodes!
The blast of energy engulfs something!!
Vehumet accepts your kill.
You feel your power returning.
Reactivating autopickup.
You feel a bit more experienced. The blast of energy engulfs you!
You die...

.##....##########
##......##..######
.#..#.#..#.......#
#.####÷#.#)......#
### ##.###.......#
.####..÷.).......#
.'....##..$......#
.#######.........#
## #........@#
#.........#
###########


There were no monsters in sight!

Vanquished Creatures
  Erolcha (D:10)
  3 two-headed ogres
  An orc knight (Bailey)
  An unseen horror (D:10)
  A troll (D:10)
  A hornet (D:9)
  Prince Ribbit (D:6)
  A wraith (D:8)
  2 wyverns (D:10)
  10 yaks
  A steam dragon (D:8)
  Menkaure (D:7)
  A warg (D:10)
  3 acid dragons
  An ice beast (D:6)
  A sky beast (D:7)
  12 orc warriors
  A black bear (D:6)
  A centaur (D:9)
  A kobold brigand (D:7)
  A phantom (D:4)
  4 bullfrogs
  2 gnoll sergeants
  4 scorpions
  3 wights (D:7)
  4 jellies (D:7)
  9 killer bees
  A howler monkey (D:7)
  An iron imp (D:9)
  4 hounds
  10 orc priests
  A gnoll bouda (D:8)
  4 iguanas
  A sleepcap (D:6)
  16 orc wizards
  20 gnolls
  4 adders
  A shadow imp (D:7)
  2 white imps
  3 worms
  A dart slug (D:2)
  51 orcs
  5 endoplasms
  13 giant cockroaches
  11 goblins
  10 hobgoblins
  4 jackals (D:4)
  12 kobolds
  4 quokkas
  7 ball pythons
  6 bats
  2 frilled lizards (D:3)
  4 rats
  2 fulminant prisms
272 creatures vanquished.

Vanquished Creatures (others)
  An orc wizard (D:6)
  76 fulminant prisms
77 creatures vanquished.

Grand Total: 349 creatures vanquished

Notes
Turn   | Place    | Note
-------+----------+-------------------------------------------
     0 | D:1      | Irreverend the Deep Elf Conjurer began the quest for the
                  | Orb.
     0 | D:1      | Reached XP level 1. HP: 10/10 MP: 6/6
   140 | D:1      | Found a faded altar of an unknown god.
   251 | D:1      | Reached XP level 2. HP: 15/15 MP: 5/8
   750 | D:1      | Learned a level 2 spell: Searing Ray
   998 | D:2      | Reached skill level 4 in Spellcasting
  1145 | D:2      | Found a glowing golden altar of the Shining One.
  1295 | D:2      | Reached XP level 3. HP: 19/19 MP: 4/10
  1356 | D:2      | Reached skill level 5 in Conjurations
  1934 | D:2      | Reached XP level 4. HP: 18/24 MP: 6/12
  1994 | D:2      | Learned a level 4 spell: Fulminant Prism
  2079 | D:2      | Reached skill level 1 in Hexes
  2119 | D:2      | Reached skill level 5 in Spellcasting
  2715 | D:2      | Reached XP level 5. HP: 28/28 MP: 10/14
  3912 | D:4      | Found a hide-covered altar of Uskayaw.
  3982 | D:4      | Noticed a phantom
  3987 | D:4      | Killed a phantom
  3988 | D:4      | Reached skill level 6 in Spellcasting
  3988 | D:4      | Reached XP level 6. HP: 32/32 MP: 10/17
  4613 | D:4      | Found a sparkling altar of Nemelex Xobeh.
  4616 | D:4      | Found a shimmering altar of Xom.
  4730 | D:5      | Entered Level 5 of the Dungeon
  5599 | D:5      | Found a staircase to the Ecumenical Temple.
  5624 | D:5      | Reached XP level 7. HP: 36/36 MP: 14/19
  5629 | Temple   | Entered the Ecumenical Temple
  5690 | Temple   | Became a worshipper of Vehumet
  6020 | D:6      | Reached skill level 7 in Spellcasting
  6020 | D:6      | Reached skill level 5 in Hexes
  6538 | D:6      | Noticed Prince Ribbit
  6549 | D:6      | Killed Prince Ribbit
  6550 | D:6      | Reached skill level 8 in Spellcasting
  6550 | D:6      | Reached XP level 8. HP: 41/41 MP: 8/22
  6752 | D:6      | Found an ancient bone altar of Kikubaaqudgha.
  6930 | D:6      | Reached * piety under Vehumet
  6930 | D:6      | Offered knowledge of Sandblast by Vehumet.
  7136 | D:6      | Found an iron altar of Okawaru.
  7137 | D:6      | Found a bloodstained altar of Trog.
  7297 | D:7      | Found a burning altar of Makhleb.
  7630 | D:7      | Reached skill level 9 in Spellcasting
  7859 | D:7      | Reached XP level 9. HP: 40/45 MP: 16/24
  7906 | D:7      | Learned a level 4 spell: Iskenderun's Mystic Blast
  8039 | D:7      | Reached skill level 1 in Translocations
  8104 | D:7      | Noticed Menkaure
  8110 | D:7      | Killed Menkaure
  8115 | D:7      | Found a hazy altar of Hepliaklqana.
  8205 | D:7      | Found a shadowy altar of Dithmenos.
  8372 | D:7      | Reached ** piety under Vehumet
  8373 | D:7      | Reached skill level 10 in Spellcasting
  8379 | D:7      | Offered knowledge of Kiss of Death by Vehumet.
  8834 | D:8      | HP: 1/45 [orc priest/nerve-wracking pain (13)]
  8963 | D:8      | Found an opulent altar of Gozag.
  9026 | D:8      | HP: 2/45 [wraith (10)]
  9243 | D:8      | Found a flagged portal.
  9251 | Bailey   | Entered a bailey
  9350 | Bailey   | Offered knowledge of Hailstorm by Vehumet.
  9360 | Bailey   | Learned a level 3 spell: Mephitic Cloud
  9370 | Bailey   | Reached skill level 5 in Translocations
  9387 | Bailey   | Noticed an orc knight
  9389 | Bailey   | Reached *** piety under Vehumet
  9401 | Bailey   | Killed an orc knight
  9402 | Bailey   | Reached skill level 11 in Spellcasting
  9402 | Bailey   | Reached skill level 10 in Conjurations
  9402 | Bailey   | Reached XP level 10. HP: 25/50 MP: 4/27
  9601 | Bailey   | Found a large runed translucent door.
  9601 | Bailey   | Found a large runed translucent door.
  9604 | Bailey   | Noticed a deep elf pyromancer
 10494 | D:9      | Offered knowledge of Frozen Ramparts by Vehumet.
 10561 | D:9      | Found a staircase to the Lair.
 10664 | D:9      | Noticed a two-headed ogre
 10740 | D:9      | Killed a two-headed ogre
 10812 | D:9      | Found a snail-covered altar of Cheibriados.
 11038 | D:9      | Reached skill level 12 in Spellcasting
 11049 | D:9      | HP: 2/50 [yak (15)]
 11519 | D:10     | Entered Level 10 of the Dungeon
 11538 | D:10     | Noticed Erolcha
 11586 | D:10     | Killed Erolcha
 11735 | D:10     | Found a stormy altar of Qazlal.
 11968 | D:10     | Reached XP level 11. HP: 54/54 MP: 22/29
 12157 | D:10     | Reached **** piety under Vehumet
 12158 | D:10     | Noticed a two-headed ogre
 12177 | D:10     | Killed a two-headed ogre
 12177 | D:10     | Offered knowledge of Iskenderun's Battlesphere by Vehumet.
 12178 | D:10     | Reached skill level 10 in Translocations
 12259 | D:10     | Learned a level 5 spell: Iskenderun's Battlesphere
 12274 | D:10     | Found a blossoming altar of Fedhas.
 12562 | D:10     | Found a staircase to the Orcish Mines.
 12586 | D:10     | Noticed a two-headed ogre
 12613 | D:10     | Killed a two-headed ogre
 12638 | D:10     | Reached skill level 13 in Spellcasting
 12830 | D:10     | Killed by an exploding fulminant prism

Illustrated notes

Levels and vault maps discovered:
D:1:      beargit_arrival_greenhouse, layout_basic,
          ebering_ecumenical_altar_hall, minmay_misc_feat_square,
          minmay_misc_feat_tower, kennysheep_flooded_box, corexii_corridor_pit
D:2:      minmay_roachtagon, layout_basic, basic_altar, columned_hall_lemuel,
          minmay_tree_intersection
D:3:      layout_rooms
D:4:      layout_loops_corners, nicolae_overflow_hidden_temple,
          lemuel_tele_altar
D:5:      layout_basic, minmay_temple_entry_statues_pillars,
          roderic_serpentine_path
D:6:      minmay_flawed_box, layout_loops_ring,
          grunt_temple_overflow_bloody_war, kiku_gazebo_pond_becter,
          uniq_prince_ribbit1
D:7:      layout_gridville, amcnicky_altar_gilded,
          nicolae_dithmenos_shadow_blocks, makhleb_heckhound_becter,
          uniq_menkaure
D:8:      layout_basic, nicolae_gozag_cash_rules_everything_around_me,
          enter_bailey_4
D:9:      nicolae_cairo_tiling, layout_basic, slow_altar_1,
          grunt_lair_entry_orc_guard_hut
D:10:     layout_roguey, grunt_temple_overflow_forces_of_nature, erik_orc_3,
          uniq_erolcha
Temple:   corrupted_temple

Skill      XL: |  1  2  3  4  5  6  7  8  9 10 11 |
---------------+----------------------------------+-----
Spellcasting   | 4 5 6 8 9 11 12 13 | 13.0
Conjurations   | 5 6 7 8 10 11 | 11.5
Hexes          | 1 3 4 6 8 |  8.2
Translocations | 6 9 10 | 10.6
Dodging        | |  2.4
Stealth        | |  2.4

Action                     |  1- 3 |  4- 6 |  7- 9 | 10-12 || total
---------------------------+-------+-------+-------+-------++-------
   Cast: Magic Dart        |    60 |    69 |    30 |    49 ||   208
         Searing Ray       |     4 |    22 |    41 |    40 ||   107
         Fulminant Prism   |       |     1 |    50 |    27 ||    78
         Mephitic Cloud    |       |       |     1 |     6 ||     7
         Iskenderun's Myst |       |       |     1 |     5 ||     6
         Iskenderun's Batt |       |       |       |     7 ||     7
  Evoke: Wand              |       |       |       |     1 ||     1
    Use: Scroll            |       |     4 |     1 |     1 ||     6
         Potion            |       |       |     3 |     4 ||     7
 Armour: Robe              |       |     1 |     8 |    17 ||    26
  Dodge: Dodged            |     2 |     9 |    27 |    48 ||    86
